AoeStats
← umutkwordpress

Four Lakes

507374482Analyzed
1v1 RM · 2mo ago on Sep 17, 2026· 74m 6s· 2 players
Game mode
Random Map
Map size
Tiny (2 player)
Population
200
Speed
Normal
Resources
Standard
Victory
Conquest
Starting age
Dark Age
Ending age
Imperial Age
RankedLock teamsTeams togetherTeam positionsShared explorationLock speedFull tech treeHidden civsTurbo modeCheats
Victory
Defeat
🇺🇸 Bengalis · United States
898
+16
vs
🇨🇴 Huns · Colombia
895
-16
xXM4X1M4Xx
7:21 Loom
12:18 Feudal Age
13:02 Double-Bit Axe
17:46 Castle Age
17:30 Bloodlines
17:44 Horse Collar
19:41 Wheelbarrow
21:18 Gold Mining
21:18 Stone Mining
23:23 Pikeman
27:27 Gold Shaft Mining
28:30 Heavy Plow
33:13 Imperial Age
30:57 Elite Skirmisher
32:15 Thumb Ring
32:54 Hand Cart
33:12 Fishing Lines
34:01 Squires
34:50 Conscription
34:26 Town Watch
35:43 Scale Mail Armor
35:33 Fletching
35:14 Cavalier
35:55 Husbandry
36:21 Forging
36:16 Scale Barding Armor
36:30 Padded Archer Armor
37:17 Bodkin Arrow
36:50 Halberdier
39:17 Paladin
41:26 Ballistics
41:23 Leather Archer Armor
41:24 Chain Mail Armor
42:09 Bow Saw
43:46 Iron Casting
43:52 Murder Holes
45:15 Two-Man Saw
45:36 Chain Barding Armor
46:17 Blast Furnace
46:11 Bracer
49:42 Light Cavalry
52:09 Plate Barding Armor
50:57 Hussar
55:21 Town Patrol
60:26 Chemistry
59:36 Masonry
umutkwordpress
9:30 Loom
12:39 Feudal Age
18:42 Castle Age
16:55 Forging
16:50 Scale Barding Armor
17:09 Bloodlines
17:03 Scale Mail Armor
17:09 Gold Mining
17:23 Double-Bit Axe
17:59 Fletching
18:19 Stone Mining
19:49 Medium Warships
19:21 Fishing Lines
22:03 Horse Collar
22:47 Husbandry
28:13 Pikeman
28:54 Squires
29:24 Bodkin Arrow
29:29 Padded Archer Armor
31:20 Bow Saw
33:38 Leather Archer Armor
33:38 Heavy Plow
37:01 Imperial Age
35:59 Iron Casting
35:47 Ballistics
36:35 Paiks
36:49 Gillnets
37:41 Gold Shaft Mining
38:55 Chemistry
37:52 Murder Holes
38:07 Masonry
38:04 Siege Engineers
38:38 Conscription
38:24 Bracer
38:47 Gambesons
39:35 Ring Archer Armor
40:30 Blast Furnace
42:02 Two-Man Saw
40:46 Halberdier
40:48 Elite Skirmisher
44:31 Elite Ratha (Ranged)
45:35 Mahayana
46:08 Chain Barding Armor
46:04 Chain Mail Armor
48:48 Elite Battle Elephant
52:58 Plate Barding Armor
56:53 Architecture
56:29 Siege Engineers
56:14 Arrowslits
57:26 Architecture
66:09 Wheelbarrow
65:20 Town Watch
Connection lost

Rejoining the realm…

Still unreachable

The connection could not be restored.

Session expired

The server has moved on; the page needs a fresh start.